 Dungeon Sprint DCSS version 0.31-a0-408-gb642c7f9a3 (webtiles) character file.

Game seed: 9335676647542884723

7767 rocky1 the Wrestler (level 11, -3/101 HPs)
             Began as a Troll Shapeshifter on July 30, 2023.
             Was a High Priest of Okawaru.
             Slain by a merfolk
             ... wielding a +0 trident
             ... led by a merfolk javelineer
              (25 damage)
             ... in the Dungeon (Sprint VII: "The Pits").
             The game lasted 00:04:25 (1531 turns).

rocky1 the Wrestler (Troll Shapeshifter)            Turns: 1531, Time: 00:04:26

Health: -3/101     AC:  4    Str: 27    XL:     11   Next: 1%
Magic:  7/15       EV: 11    Int:  6    God:    Okawaru [*****.]
Gold:   0          SH:  0    Dex: 10    Spells: 10/10 levels left

rFire   . .          .
                       - Unarmed
rCold   . . .        (no shield)
rNeg    . . .        a - +0 animal skin
rPois   .            (helmet currently unavailable)
rElec   .            (cloak currently unavailable)
rCorr   .            (gloves unavailable)
SInv    .            (boots unavailable)
Will    .....        (no amulet)
Stlth   +++          (no ring)
HPRegen 1.16/turn    (no ring)
MPRegen 0.14/turn

%: no teleportation
@: beast-form, heroic, finesse-ful
A: beast (slay +7), large, unfitting armour, claws 3, regeneration 1, shaggy fur
1, tough skin 1
a: Begin Untransformation, Renounce Religion, Heroism, Finesse


You were in the Dungeon.
You worshipped Okawaru.
Okawaru was extremely pleased with you.
You were a hulking beast.
You visited 1 branch

Inventory:

Missiles
 k - 5 curare-tipped darts (quivered)
Armour
 a - a +0 animal skin (worn)
 j - a +2 hat of willpower
Jewellery
 l - a +3 ring of intelligence
 m - a +3 ring of intelligence
Talismans
 c - a beast talisman
Potions
 b - a potion of lignification
 d - 7 potions of curing
 e - 13 potions of heal wounds
 f - a potion of haste
 g - 2 potions of magic
 h - 2 potions of berserk rage
 n - a potion of brilliance
 o - a potion of mutation


   Skills:
 + Level 4.8(9.8) Fighting
 - Level 1.6(6.6) Dodging
 - Level 0.3(5.3) Stealth
 * Level 21.7(26.7) Unarmed Combat
 * Level 7.6 Invocations
 - Level 10.0 Shapeshifting


You had 10 spell levels left.
You didn't know any spells.
Your spell library was empty.

Dungeon Overview and Level Annotations

Branches:
Dungeon (1/1)

Altars:
Ashenzari
Cheibriados
Dithmenos
Elyvilon
Fedhas
Gozag
Hepliaklqana
Kikubaaqudgha
Makhleb
Nemelex Xobeh
Okawaru
Qazlal
Ru
Sif Muna
Trog
Uskayaw
Vehumet
Wu Jian
Xom
Yredelemnul
Zin
The Shining One
Jiyva
Lugonu


Innate Abilities, Weirdness & Mutations

You are a hulking beast.
Your limbs bulge with bestial killing power. (Slay +7)
You are too large for most types of armour.
You have claws for hands.
Your natural rate of healing is unusually fast.
You are covered in fur. (AC +1)
You have tough skin. (AC +1)


Message History

Things that are here:
a +0 long sword; a +0 robe
Items here: )) [ รทรท.
You mangle the giant cockroach!!
You kill the giant cockroach!
Okawaru accepts your kill.
The merfolk throws a boomerang.
The boomerang hits you!
The merfolk throws a boomerang.
The boomerang hits you.
There is an open door to the Storerooms (Easy) here.
The merfolk throws a boomerang.
The boomerang hits you!!
You gain the combat prowess of a mighty hero.
You can now deal lightning-fast blows.
The merfolk hits you from afar with a +0 trident!
You completely miss the six-headed hydra.
You claw the six-headed hydra!!!
The six-headed hydra is heavily wounded.
You rip one of the six-headed hydra's heads off!
The five-headed hydra grows two more!
You eviscerate the seven-headed hydra!!!
The seven-headed hydra is almost dead.
The merfolk hits you from afar with a +0 trident.
You tear one of the seven-headed hydra's heads off!
The six-headed hydra grows two more!
You claw the eight-headed hydra! x2
You kill the eight-headed hydra!
Okawaru is honoured by your kill. Okawaru grants you a weapon!
Something appears at your feet!
You see here the +6 giant spiked club of the Unspeakable One {heavy, MP+9 Int+5}.
You have reached level 11!
The merfolk hits you with a +0 trident!!
The merfolk javelineer hits you from afar with a +1 spear of flaming!
* * * LOW HITPOINT WARNING * * *
The merfolk javelineer burns you.
* * * LOW HITPOINT WARNING * * *
You miss the merfolk. You closely miss the merfolk.
The merfolk hits you from afar with a +0 trident!
* * * LOW HITPOINT WARNING * * *
The merfolk hits you with a +0 trident!!
You die...

############ #_________.#
#_________.#
#_______...###########++####
##########'##...............
+.##......#..#.....
##########)##m..............
#..........hmm..............
#'#####'#####....).#..#.....
#.#...#)#[[##......)).m.....
#.#...#.#))#####'#####''####
#.#...).#))##.......##''####
#.##'####))##.......##....).
#.#.....#..##.......##.....)
#)#.....#'###...<...##.....#
#)#........##.......##.[.###


You could see a merfolk javelineer and 2 merfolk.

Vanquished Creatures
  Gastronok (D)
  A hydra (D)
  A two-headed ogre (D)
  Sonja (D)
  A flayed ghost (D)
  An orc knight (D)
  A smoke demon (D)
  An unseen horror (D)
  A gargoyle (D)
  A guardian mummy (D)
  5 blink frogs (D)
  A jumping spider (D)
  A flying skull (D)
  A fire bat (D)
  A fire elemental (D)
  A steam dragon (D)
  A large abomination (D)
  A floating eye (D)
  An ice beast (D)
  2 orc warriors (D)
  A sky beast (D)
  2 ogres (D)
  A wolf (D)
  2 gnoll sergeants (D)
  5 wights (D)
  A quasit (D)
  A hound (D)
  2 orc wizards (D)
  6 gnolls (D)
  An ufetubus (D)
  A worm (D)
  3 orcs (D)
  A ball python (D)
  2 giant cockroaches (D)
  A goblin (D)
  2 jackals (D)
  A kobold (D)
  A bat (D)
  A frilled lizard (D)
  2 rats (D)
62 creatures vanquished.

Notes
Turn   | Place    | Note
-------+----------+-------------------------------------------
     0 | D        | rocky1 the Troll Shapeshifter began the quest for the Orb.
     0 | D        | Reached XP level 1. HP: 18/18 MP: 0/0
    20 | D        | Found a bloodstained altar of Trog.
    20 | D        | Found a shimmering blue altar of Sif Muna.
    20 | D        | Found a viscous altar of Jiyva.
    20 | D        | Found a hazy altar of Hepliaklqana.
    20 | D        | Found an opulent altar of Gozag.
    21 | D        | Found a glowing golden altar of the Shining One.
    21 | D        | Found a glowing silver altar of Zin.
    21 | D        | Found a basalt altar of Yredelemnul.
    21 | D        | Found a shimmering altar of Xom.
    21 | D        | Found an ornate altar of the Wu Jian Council.
    21 | D        | Found a sacrificial altar of Ru.
    21 | D        | Found a stormy altar of Qazlal.
    21 | D        | Found an iron altar of Okawaru.
    21 | D        | Found a sparkling altar of Nemelex Xobeh.
    21 | D        | Found a burning altar of Makhleb.
    21 | D        | Found a blossoming altar of Fedhas.
    21 | D        | Found a white marble altar of Elyvilon.
    21 | D        | Found a shadowy altar of Dithmenos.
    21 | D        | Found a snail-covered altar of Cheibriados.
    24 | D        | Found a corrupted altar of Lugonu.
    24 | D        | Found a radiant altar of Vehumet.
    25 | D        | Found an ancient bone altar of Kikubaaqudgha.
    25 | D        | Found a hide-covered altar of Uskayaw.
    25 | D        | Found a broken altar of Ashenzari.
    35 | D        | Became a worshipper of Warmaster Okawaru
   162 | D        | Reached skill level 4 in Unarmed Combat
   170 | D        | Noticed a flying skull
   175 | D        | Reached XP level 2. HP: 26/26 MP: 1/1
   192 | D        | Killed a flying skull
   192 | D        | Reached * piety under Okawaru
   193 | D        | Reached skill level 1 in Fighting
   193 | D        | Reached skill level 8 in Unarmed Combat
   193 | D        | Reached XP level 3. HP: 15/33 MP: 2/2
   193 | D        | Reached XP level 4. HP: 19/41 MP: 3/3
   193 | D        | Reached XP level 5. HP: 22/48 MP: 4/4
   345 | D        | Noticed a sky beast
   363 | D        | Killed a sky beast
   364 | D        | Reached skill level 10 in Unarmed Combat
   367 | D        | Noticed an ogre
   369 | D        | Reached XP level 6. HP: 39/55 MP: 5/5
   377 | D        | Reached skill level 11 in Unarmed Combat
   378 | D        | Reached skill level 12 in Unarmed Combat
   420 | D        | Noticed Gastronok
   431 | D        | Killed Gastronok
   431 | D        | Reached ** piety under Okawaru
   431 | D        | Reached *** piety under Okawaru
   431 | D        | Reached **** piety under Okawaru
   431 | D        | Reached ***** piety under Okawaru
   432 | D        | Reached skill level 15 in Unarmed Combat
   432 | D        | Reached XP level 7. HP: 36/65 MP: 5/8
   432 | D        | Reached XP level 8. HP: 39/72 MP: 5/9
   624 | D        | Noticed Sonja
   624 | D        | Noticed a two-headed ogre
   625 | D        | Killed Sonja
   626 | D        | Reached skill level 16 in Unarmed Combat
   626 | D        | Reached XP level 9. HP: 69/80 MP: 9/11
   630 | D        | Killed a two-headed ogre
   631 | D        | Reached skill level 17 in Unarmed Combat
   631 | D        | Reached skill level 5 in Invocations
   631 | D        | Reached skill level 10 in Shapeshifting
  1020 | D        | Received a gift from Okawaru
  1021 | D        | Reached skill level 18 in Unarmed Combat
  1101 | D        | Noticed a gargoyle
  1104 | D        | Noticed a flayed ghost
  1107 | D        | Killed a gargoyle
  1108 | D        | Reached XP level 10. HP: 62/91 MP: 13/13
  1112 | D        | Reached skill level 19 in Unarmed Combat
  1114 | D        | Killed a flayed ghost
  1122 | D        | Noticed a smoke demon
  1127 | D        | Killed a smoke demon
  1128 | D        | Reached skill level 20 in Unarmed Combat
  1231 | D        | Noticed an orc knight
  1239 | D        | Killed an orc knight
  1240 | D        | Reached skill level 21 in Unarmed Combat
  1485 | D        | Noticed a six-headed hydra
  1485 | D        | Noticed a merfolk javelineer
  1485 | D        | Noticed an anaconda
  1485 | D        | Noticed a demonic crawler
  1528 | D        | Killed an eight-headed hydra
  1528 | D        | Identified the +6 giant spiked club of the Unspeakable One
                  | {heavy, MP+9 Int+5} (Okawaru gifted it to you in the
                  | Dungeon)
  1528 | D        | Received a gift from Okawaru
  1529 | D        | Reached XP level 11. HP: 56/101 MP: 7/15
  1531 | D        | Slain by a merfolk

Illustrated notes

Levels and vault maps discovered:
D:        pitsprint [storerooms_1, entrance_room_1, metal_vault_4, armoury_2,
          mini_pit_1, grid_room_1, main_hall_1, silver_pit, the_coven_3,
          the_vestibule_1, steel_vault_2, golden_pit, hallway_of_sentries,
          crystal_vault_2, iron_vault_4, final_vault]

Skill      XL: |  1  2  3  4  5  6  7  8  9 10 |
---------------+-------------------------------+-----
Unarmed Combat | 4 8 10 15 16 18 21 | 21.7
Fighting       | 1 2 3 4 |  4.8
Shapeshifting  | 6 7 9 10 | 10.0
Invocations    | 3 4 6 7 |  7.6
Dodging        | |  1.6
Stealth        | |  0.3

Action                     |  1- 3 |  4- 6 |  7- 9 | 10-12 || total
---------------------------+-------+-------+-------+-------++-------
  Melee: Unarmed           |    25 |    39 |    41 |    56 ||   161
         Punch             |     1 |     1 |     4 |     7 ||    13
 Invoke: Heroism           |       |       |       |     3 ||     3
         Finesse           |       |       |       |     1 ||     1
    Use: Scroll            |       |       |       |     1 ||     1
         Potion            |       |       |       |     1 ||     1
 Armour: Animal skin       |     8 |     3 |     8 |    24 ||    43
  Dodge: Dodged            |    13 |    11 |     8 |    25 ||    57

Table legend: (Time is in decaauts)
 A = Elapsed time spent in this place.
 B = Non-inter-level travel time spent in this place.
 C = Inter-level travel time spent in this place.
 D = Time resting spent in this place.
 E = Time spent auto-exploring this place.
 F = Levels seen in this place.
 G = Mean time per level.
                   A        B        C        D        E       F      G
               +--------+--------+--------+--------+--------+-----+--------+
         Total |   1484 |   1425 |     59 |    952 |      0 |   1 | 1484.0 |
       Dungeon |   1484 |   1425 |     59 |    952 |      0 |   1 | 1484.0 |
               +--------+--------+--------+--------+--------+-----+--------+

Top non-repeatable levels by time:
       D: 1484 daAuts
